 Dungeon Crawl Stone Soup version 0.30.0-13-g156ef70053 (webtiles) character file.

Game seed: 5439842499678093062

106 HeliumTrimp the Trooper (level 5, -2/42 HPs)
             Began as a Formicid Fighter on May 17, 2023.
             Slain by Natasha (3 damage)
             ... on level 2 of the Dungeon.
             The game lasted 00:01:56 (1450 turns).

HeliumTrimp the Trooper (Formicid Fighter)          Turns: 1450, Time: 00:01:56

Health: -2/42      AC:  6    Str: 21    XL:     5   Next: 10%
Magic:  5/5        EV:  9    Int:  7    God:
Gold:   60         SH:  5    Dex: 15    Spells: 4/4 levels left

rFire   . . .        f - +2 short sword (freeze)
rCold   . . .        c - +0 buckler
rNeg    . . .        b - +0 scale mail
rPois   .            (helmet unavailable)
rElec   .            (no cloak)
rCorr   .            (no gloves)
SInv    +            (no boots)
Will    .....        j - amulet of the acrobat Stlth
                     (no ring)
HPRegen 0.27/turn    (no ring)
MPRegen 0.09/turn

%: acrobat
@: no status effects
A: permanent stasis, dig shafts and tunnels, antennae 3, four strong arms
a: Dig, Shaft Self


You were on level 2 of the Dungeon.
You visited 1 branch of the dungeon, and saw 2 of its levels.

You collected 60 gold pieces.

Inventory:

Hand Weapons
 a - a +0 long sword
 f - a +2 short sword of freezing (weapon)
Missiles
 m - 4 boomerangs
Armour
 b - a +0 scale mail (worn)
 c - a +0 buckler (worn)
Jewellery
 j - an amulet of the acrobat (around neck)
Scrolls
 e - a scroll of fear {unknown}
 h - 2 scrolls of identify {unknown}
 i - 2 scrolls of poison {unknown}
 k - a scroll of noise {unknown}
 l - a scroll of immolation {unknown}
 n - a scroll of magic mapping {unknown}
 q - 4 scrolls of brand weapon {unknown}
 s - a scroll of blinking {unknown}
 t - a scroll of amnesia {unknown}
Potions
 d - a potion of might
 g - 3 potions of curing {unknown}
 o - a potion of lignification {unknown}
 p - a potion of degeneration {unknown}
 r - a potion of flight {unknown}


   Skills:
 + Level 4.3 Fighting
 * Level 4.1 Long Blades
 - Level 3.2 Armour
 - Level 4.0 Shields


You had 4 spell levels left.
You didn't know any spells.
Your spell library was empty.

Dungeon Overview and Level Annotations

Branches:
Dungeon (2/15)

Altars:

Annotations:
D:2 Natasha


Innate Abilities, Weirdness & Mutations

You cannot be hasted, slowed, berserked, paralysed or teleported.
You can dig through walls and to a lower floor.
You have a pair of large antennae on your head. (SInv)
Your four strong arms can wield two-handed weapons with a shield.


Message History

A hobgoblin comes into view.
The hobgoblin shouts!
You hit the hobgoblin. You freeze the hobgoblin.
You kill the hobgoblin!
No target in view!
Natasha, Servant of Life and Death comes into view.
Natasha is nearby!
Natasha is nearby!
Natasha mumbles some strange words.
Natasha mumbles some strange words.
You miss Natasha.
The cerulean imp hits you but does no damage.
Natasha casts a spell.
The cerulean imp hits you from afar with a +2 spear.
You hit Natasha but do no damage. The cerulean imp barely misses you.
The cerulean imp hits you from afar with a +2 spear.
Natasha claws you!
The cerulean imp hits you but does no damage.
You hit Natasha but do no damage. You block the cerulean imp's attack.
Natasha claws you. The cerulean imp barely misses you.
You closely miss Natasha.
The cerulean imp hits you from afar with a +1 spear.
The cerulean imp barely misses you.
The cerulean imp hits you from afar with a +2 spear.
Natasha claws you but does no damage.
You hit Natasha. You freeze Natasha.
Natasha is lightly wounded.
The cerulean imp hits you from afar with a +1 spear.
* * * LOW HITPOINT WARNING * * *
The cerulean imp hits you but does no damage.
You block the cerulean imp's attack. Natasha claws you but does no damage.
You hit Natasha. You freeze Natasha.
Natasha is moderately wounded.
The cerulean imp hits you from afar with a +1 spear.
* * * LOW HITPOINT WARNING * * *
The cerulean imp closely misses you.
The cerulean imp hits you from afar with a +2 spear.
* * * LOW HITPOINT WARNING * * *
Natasha claws you.
You die...

.##.....####..####.#........#
...........#..####.##.##.####
##....####.#....##+##.##.#
#....# #.#..........##.######
#....# #.#..........##.#....#
#....####............##.#.##.#
###.....###.#..5.5...##.#.##.###
##....###.#...h5...##.#.##....
##....##(..)@.###.##.#.######
##......)....###.##.....#
##...........##.####(###
##.....#...........## ###
###............##.# #.#
#######.#.......)##.####.##
.............>##...........
#######.#.#####.....#######
#.#.# #......#


You could see Natasha and 3 cerulean imps.

Vanquished Creatures
  Natasha (D:2)
  An iguana (D:2)
  An adder (D:2)
  2 dart slugs (D:2)
  4 endoplasms
  3 giant cockroaches (D:1)
  2 hobgoblins
  2 kobolds
  3 quokkas
  8 ball pythons
  2 bats
  A frilled lizard (D:1)
  4 goblins
  4 rats
  A spectral kobold (D:2)
39 creatures vanquished.

Notes
Turn   | Place    | Note
-------+----------+-------------------------------------------
     0 | D:1      | HeliumTrimp the Formicid Fighter began the quest for the
                  | Orb.
     0 | D:1      | Reached XP level 1. HP: 18/18 MP: 1/1
   145 | D:1      | Reached XP level 2. HP: 24/24 MP: 2/2
   390 | D:1      | Reached XP level 3. HP: 27/30 MP: 3/3
   855 | D:2      | Found a faded altar of an unknown god.
   975 | D:2      | Noticed Natasha
   984 | D:2      | Killed Natasha
   985 | D:2      | Reached XP level 4. HP: 15/37 MP: 4/4
  1244 | D:2      | Reached XP level 5. HP: 17/42 MP: 5/5
  1440 | D:2      | Noticed Natasha
  1450 | D:2      | HP: 1/42 [cerulean imp/+2 spear[Natasha] (4)]
  1450 | D:2      | Slain by Natasha

Illustrated notes

Levels and vault maps discovered:
D:1:      giann_bridges, layout_basic, minivault_25
D:2:      layout_basic, dreamdust_ecumenical_altar_drowned_temple,
          nrook_mini_backslash, minmay_tripent, uniq_natasha

Skill      XL: |  1  2  3  4 |
---------------+-------------+-----
Long Blades    | 3 4 |  4.1
Fighting       | 4 |  4.3
Armour         | |  3.2
Shields        | |  4.0

Action                     |  1- 3 |  4- 6 || total
---------------------------+-------+-------++-------
  Melee: Long sword        |    17 |       ||    17
         Short sword       |    65 |    51 ||   116
 Armour: Scale mail        |    30 |    12 ||    42
  Dodge: Dodged            |    32 |    16 ||    48
  Block: Buckler           |    18 |     9 ||    27
